 Dungeon Crawl Stone Soup version 0.27.1 (webtiles) character file.

Game seed: 3935936763039049621

20847 pkoi the Carver (level 12, -4/112 HPs)
             Began as a Minotaur Gladiator on Sept 1, 2021.
             Was a High Priest of Okawaru.
             Slain by a catoblepas (12 damage)
             ... while petrified by a catoblepas
             ... on level 1 of the Lair of Beasts on Sept 2, 2021.
             The game lasted 00:16:42 (13881 turns).

pkoi the Carver (Minotaur Gladiator)               Turns: 13881, Time: 00:16:43

Health: -4/112     AC: 14    Str: 23    XL:     12   Next: 49%
Magic:  15/15      EV:  2    Int:  6    God:    Okawaru [*****.]
Gold:   404        SH:  0    Dex: 12    Spells: 11/11 levels left

rFire    . . .     SeeInvis .   x - +0 scimitar (flame)
rCold    + . .     Faith    .   (no shield)
rNeg     + + +     Spirit   .   v - +0 chain mail
rPois    ∞         Reflect  .   c - +1 hat
rElec    .         Harm     .   (no cloak)
rCorr    .         Rampage  .   E - +0 pair of gloves
Will     .....                  (no boots)
Stlth    ..........             (no amulet)
HPRegen  0.28/turn              p - +4 ring of evasion
MPRegen  0.14/turn              C - ring of Nobility {rPois rC+ rN+}

@: petrified
A: horns 2, retaliatory headbutt
a: Renounce Religion, Heroism, Finesse


You were on level 1 of the Lair of Beasts.
You worshipped Okawaru.
Okawaru was extremely pleased with you.
You visited 3 branches of the dungeon, and saw 13 of its levels.

You collected 404 gold pieces.

Inventory:

Hand Weapons
 a - a +5 vampiric great sword
 b - the +5 falchion of Eternal Night {venom, rElec rPois rC+ Dex-4}
   (You found it on level 5 of the Dungeon)

   It poisons the flesh of those it strikes.
   Dex:       It affects your dexterity (-4).
   rC:        It protects you from cold.
   rElec:     It insulates you from electricity.
   rPois:     It protects you from poison.
 x - a +0 scimitar of flaming (weapon)
 A - a +1 long sword
Missiles
 d - 7 throwing nets
 q - 9 boomerangs
Armour
 c - a +1 hat (worn)
 v - a +0 chain mail (worn)
 E - a +0 pair of gloves (worn)
Jewellery
 m - a ring of protection from cold
 p - a +4 ring of evasion (left hand)
 s - a ring of flight
 z - a ring of ice
 C - the ring of Nobility (right hand) {rPois rC+ rN+}
   (You acquired it on level 11 of the Dungeon)

   [ring of poison resistance]

   rC:        It protects you from cold.
   rPois:     It protects you from poison.
   rN:        It protects you from negative energy.
Wands
 k - a wand of iceblast (13)
 l - a wand of digging (12)
 n - a wand of flame (23) (quivered)
Scrolls
 e - 3 scrolls of enchant weapon
 f - 4 scrolls of teleportation
 j - a scroll of magic mapping
 r - 2 scrolls of identify
 y - 3 scrolls of silence
 D - a scroll of amnesia
 G - 2 scrolls of fear
 H - 3 scrolls of immolation
Potions
 g - 5 potions of heal wounds {unknown}
 h - 4 potions of lignification {unknown}
 i - 2 potions of cancellation
 o - a potion of berserk rage
 t - 2 potions of haste
 u - a potion of mutation
 w - a potion of might
 B - 3 potions of attraction {unknown}
 F - a potion of curing


   Skills:
 + Level 11.9 Fighting
 + Level 12.4 Long Blades
 - Level 2.0 Throwing
 + Level 11.7 Armour
 + Level 11.3 Dodging
 + Level 5.5 Invocations
 + Level 5.6 Evocations


You had 11 spell levels left.
You didn't know any spells.
Your spell library contained the following spells:

 Spells                   Type           Power      Damage    Failure   Level
 Corona                   Hex            0%         N/A       95%         1
 Magic Dart               Conj           0%         1d3       95%         1
 Ensorcelled Hibernation  Hex/Ice        0%         N/A       98%         2
 Searing Ray              Conj           0%         3d3       98%         2
 Slow                     Hex            0%         N/A       98%         2
 Confusing Touch          Hex            0%         N/A       100%        3
 Gell's Gravitas          Tloc           0%         N/A       100%        3
 Lesser Beckoning         Tloc           0%         N/A       100%        3
 Spider Form              Tmut/Pois      0%         N/A       100%        3
 Teleport Other           Tloc           0%         N/A       100%        3
 Tukima's Dance           Hex            0%         N/A       100%        3
 Vampiric Draining        Necr           0%         2d6       100%        3
 Fulminant Prism          Conj/Hex       0%         3d6       100%        4
 Shadow Creatures         Summ           N/A        N/A       100%        6


Dungeon Overview and Level Annotations

Branches:
Dungeon (11/15)            Temple (1/1) D:7            Lair (1/6) D:11
    Orc (0/2) D:10

Altars:
Ashenzari
Cheibriados
Dithmenos
Elyvilon
Fedhas
Gozag
Hepliaklqana
Kikubaaqudgha
Makhleb
Nemelex Xobeh
Okawaru
Qazlal
Ru
Sif Muna
Trog
Uskayaw
Vehumet
Wu Jian
Xom
Yredelemnul
Zin
The Shining One

Shops:
D:2 :

Annotations:
D:4 2 transporters, pkoi's ghost, amateur TrGl


Innate Abilities, Weirdness & Mutations

You have a pair of horns on your head.
You reflexively headbutt those who attack you in melee.


Message History

You burn the one-headed hydra.
The one-headed hydra is moderately wounded.
The one-headed hydra bites you.
* * * LOW HITPOINT WARNING * * *
Unknown command.
You lop the one-headed hydra's last head off!
You kill the one-headed hydra!
Okawaru accepts your kill.
The catoblepas breathes a plume of calcifying dust at you.
The blast of calcifying dust hits you but does no damage.
Unknown command.
The catoblepas breathes a plume of calcifying dust at you.
The blast of calcifying dust hits you.
* * * LOW HITPOINT WARNING * * *
The catoblepas breathes a plume of calcifying dust at you.
The blast of calcifying dust hits you but does no damage.
You are engulfed in calcifying dust.
You enter the shallow water.
Moving in this stuff is going to be slow.
The catoblepas breathes a plume of calcifying dust at you.
The blast of calcifying dust hits you.
* * * LOW HITPOINT WARNING * * *
You are engulfed in calcifying dust.
You are slowing down.
Your limbs are stiffening.
There is a staircase back to the Dungeon here.
The catoblepas gores you.
* * * LOW HITPOINT WARNING * * *
You have turned to stone.
The catoblepas gores you.
* * * LOW HITPOINT WARNING * * *
The catoblepas breathes a plume of calcifying dust at you.
The blast of calcifying dust hits you.
* * * LOW HITPOINT WARNING * * *
You are engulfed in calcifying dust.
The catoblepas gores you!!
* * * LOW HITPOINT WARNING * * *
You are engulfed in calcifying dust.
The catoblepas gores you.
* * * LOW HITPOINT WARNING * * *
You are engulfed in calcifying dust.
The catoblepas gores you!!
You die...

### ####P####
###.≈≈..≈.####
##P.≈≈≈≈≈≈≈≈...
#..≈≈≈≈≈≈≈≈≈.#
##.≈≈≈≈§≈≈≈≈≈#
#..≈≈≈.§≈≈≈≈.##
#≈≈≈≈.@.≈≈≈≈.#
#.≈≈≈.Y≈≈≈≈≈##
##≈≈≈≈≈≈≈≈≈≈≈#
#≈.≈≈≈≈≈≈≈≈≈.#
#..≈≈≈≈≈≈≈≈..#
#...)......#.#
##.#########.# ## ....
### #.## #.####.#.....
##.######
#.P########........^...


You could see a catoblepas.

Vanquished Creatures
  A hydra (Lair:1)
  3 boulder beetles
  6 two-headed ogres
  Nergalle (D:10)
  A skeletal warrior (D:11)
  Maggie (D:7)
  A gargoyle (D:11)
  Psyche (D:8)
  A rime drake (Lair:1)
  A komodo dragon (D:11)
  3 trolls (D:11)
  Prince Ribbit (D:7)
  3 shadows (D:11)
  2 wraiths (D:11)
  A wyvern (D:8)
  10 yaks
  A basilisk (Lair:1)
  4 steam dragons
  2 wargs (D:11)
  5 water moccasins
  An acid dragon (D:9)
  8 orc warriors
  3 ice beasts
  2 black bears (D:7)
  2 sky beasts (D:6)
  3 necrophages
  13 centaurs
  A phantom (D:5)
  A bullfrog (D:8)
  A kobold brigand (D:8)
  A wyvern zombie (D:9)
  2 scorpions
  A wyvern skeleton (D:7)
  3 water moccasin skeletons (D:4)
  10 killer bees
  3 wights (D:8)
  4 centaur zombies
  A bullfrog skeleton (D:5)
  A hound (D:6)
  A centaur skeleton (D:6)
  2 gnoll shamans
  9 orc priests
  A jelly (D:7)
  4 iguanas
  10 orc wizards
  A killer bee zombie (D:9)
  A howler monkey zombie (D:9)
  7 adders
  19 gnolls
  A shadow imp (D:6)
  A white imp (D:8)
  3 worms
  3 dart slugs
  31 orcs
  7 ball pythons
  9 endoplasms
  4 giant cockroaches
  4 goblins
  9 hobgoblins
  10 jackals
  3 quokkas
  3 bats
  A frilled lizard (D:1)
  12 kobolds
  3 rats
269 creatures vanquished.

Vanquished Creatures (others)
  8 fungi (D:5)
  3 plants
11 creatures vanquished.

Grand Total: 280 creatures vanquished

Notes
Turn   | Place    | Note
-------+----------+-------------------------------------------
     0 | D:1      | pkoi the Minotaur Gladiator began the quest for the Orb.
     0 | D:1      | Reached XP level 1. HP: 18/18 MP: 0/0
   227 | D:1      | Reached skill level 4 in Long Blades
   324 | D:1      | Reached XP level 2. HP: 24/25 MP: 1/1
  1080 | D:2      | Found Cus Wop's Book Shoppe.
  1116 | D:2      | Reached skill level 1 in Armour
  1116 | D:2      | Reached XP level 3. HP: 19/30 MP: 2/2
  1695 | D:2      | Found a faded altar of an unknown god.
  1695 | D:2      | You fall into a shaft and drop 1 floor!
  1897 | D:3      | Reached XP level 4. HP: 29/38 MP: 3/3
  1938 | D:3      | Reached skill level 5 in Long Blades
  3102 | D:2      | Found a stormy altar of Qazlal.
  3104 | D:2      | Noticed a necrophage
  3107 | D:2      | Killed a necrophage
  3108 | D:2      | Reached XP level 5. HP: 46/46 MP: 4/4
  3727 | D:2      | Became a worshipper of Ru the Awakened
  3802 | D:4      | Reached XP level 6. HP: 15/52 MP: 5/5
  4125 | D:4      | Identified the +1 short sword of Valour {venom, Str+2}
  4361 | D:4      | Reached skill level 6 in Long Blades
  4361 | D:4      | Reached skill level 5 in Dodging
  4619 | D:4      | Reached XP level 7. HP: 56/60 MP: 6/6
  4776 | D:4      | Noticed a two-headed ogre
  4783 | D:4      | Killed a two-headed ogre
  4784 | D:4      | Reached skill level 7 in Long Blades
  4784 | D:4      | Reached skill level 5 in Armour
  4784 | D:4      | Reached XP level 8. HP: 26/70 MP: 7/7
  5088 | D:4      | Found a transporter.
  5088 | D:4      | Noticed pkoi's ghost (amateur TrGl)
  5095 | D:4      | Found a transporter.
  5396 | D:4      | Reached skill level 10 in Long Blades
  5396 | D:4      | Reached XP level 9. HP: 84/84 MP: 8/8
  5435 | D:5      | Entered Level 5 of the Dungeon
  5461 | D:5      | Identified the +5 falchion of Eternal Night {venom, rElec
                  | rPois rC+ Dex-4}
  5580 | D:5      | Found a blossoming altar of Fedhas.
  5590 | D:5      | Reached skill level 1 in Evocations
  5610 | D:5      | Found a shimmering blue altar of Sif Muna.
  6067 | D:5      | HP: 4/85 [steam dragon] (6)]
  6880 | D:6      | Found an ancient bone altar of Kikubaaqudgha.
  6936 | D:6      | Reached skill level 10 in Fighting
  7020 | D:6      | Found a shimmering altar of Xom.
  7021 | D:6      | Found a sparkling altar of Nemelex Xobeh.
  7022 | D:6      | Found a white marble altar of Elyvilon.
  7022 | D:6      | Found an iron altar of Okawaru.
  7024 | D:6      | Found a glowing golden altar of the Shining One.
  7054 | D:6      | Found a burning altar of Makhleb.
  7055 | D:6      | Found a bloodstained altar of Trog.
  7122 | D:6      | Reached XP level 10. HP: 93/93 MP: 9/9
  7353 | D:7      | Noticed Prince Ribbit
  7366 | D:7      | Killed Prince Ribbit
  7421 | D:7      | Found an ornate altar of the Wu Jian Council.
  7731 | D:6      | Fell from the grace of Ru
  7731 | D:6      | Became a worshipper of Warmaster Okawaru
  8098 | D:7      | Noticed Maggie
  8121 | D:7      | Killed Maggie
  8385 | D:7      | Found a staircase to the Ecumenical Temple.
  8402 | D:7      | Reached skill level 1 in Invocations
  8423 | Temple   | Entered the Ecumenical Temple
  8515 | D:8      | Noticed Psyche
  8571 | D:8      | Reached * piety under Okawaru
  8764 | D:8      | Reached skill level 10 in Armour
  9241 | D:8      | Found a hide-covered altar of Uskayaw.
  9271 | D:8      | Killed Psyche
  9354 | D:8      | Reached skill level 11 in Long Blades
  9647 | D:9      | Noticed a two-headed ogre
  9661 | D:8      | Killed a two-headed ogre
  9662 | D:8      | Reached skill level 10 in Dodging
 10312 | D:8      | Noticed a two-headed ogre
 10339 | D:8      | Killed a two-headed ogre
 10340 | D:8      | Reached XP level 11. HP: 91/101 MP: 11/11
 10659 | D:9      | Reached ** piety under Okawaru
 11020 | D:10     | Entered Level 10 of the Dungeon
 11382 | D:10     | Noticed a boulder beetle
 11396 | D:10     | Killed a boulder beetle
 11814 | D:10     | Noticed a two-headed ogre
 11826 | D:10     | Killed a two-headed ogre
 11893 | D:10     | Found a staircase to the Orcish Mines.
 11925 | D:10     | Reached *** piety under Okawaru
 12151 | D:10     | Received a gift from Okawaru
 12239 | D:10     | Noticed Nergalle
 12251 | D:10     | Killed Nergalle
 12300 | D:11     | Found a staircase to the Lair.
 12510 | D:11     | Noticed a boulder beetle
 12523 | D:11     | Killed a boulder beetle
 12557 | D:11     | Noticed a boulder beetle
 12569 | D:11     | Killed a boulder beetle
 12569 | D:11     | Reached **** piety under Okawaru
 12678 | D:11     | Noticed a skeletal warrior
 12689 | D:11     | Noticed a two-headed ogre
 12701 | D:11     | Reached XP level 12. HP: 50/110 MP: 14/14
 12702 | D:11     | Killed a two-headed ogre
 12703 | D:11     | Reached skill level 12 in Long Blades
 12703 | D:11     | Reached skill level 5 in Evocations
 12791 | D:11     | Noticed a two-headed ogre
 12799 | D:11     | Killed a two-headed ogre
 12808 | D:11     | Reached ***** piety under Okawaru
 12812 | D:11     | Reached skill level 5 in Invocations
 13535 | D:11     | Identified a scroll of acquirement
 13535 | D:11     | Acquired the ring of Nobility {rPois rC+ rN+}
 13700 | Lair:1   | Entered Level 1 of the Lair of Beasts
 13819 | Lair:1   | Noticed a catoblepas
 13827 | Lair:1   | Noticed a five-headed hydra
 13856 | Lair:1   | Killed a one-headed hydra
 13881 | Lair:1   | Slain by a catoblepas

Illustrated notes

Levels and vault maps discovered:
D:1:      evilmike_arrival_rings, layout_basic, due_unseen_surprise
D:2:      cheibrodos_old_hovel, layout_loops_corners,
          dilly_ecumenical_altar_fadedgnrine, basic_altar, serial_shops,
          nicolae_shop_stone
D:3:      layout_basic
D:4:      layout_loops_corners, gammafunk_ghost_smash
D:5:      kennysheep_steamy, layout_basic, fedhas_altar_3,
          nicolae_sif_muna_condensation
D:6:      layout_gridville, lemuel_round_altar, grunt_temple_overflow_open
D:7:      black_bear_nest_2, layout_basic, nicolae_wu_jian_wuxing_cycle,
          temple_doors_e, uniq_prince_ribbit1, uniq_maggie
D:8:      layout_cave_pods, marbit_many_paths, uniq_psyche
D:9:      layout_rooms, feat_on_display
D:10:     layout_rooms, david_orc_1_choice, uniq_nergalle
D:11:     minmay_clustersquares, layout_basic, erik_lair_orcish_takeover
Temple:   zaba_magenta_temple
Lair:1:   layout_cave_shapes, chequers_serial_rivers_room_b,
          infiniplex_staircase_pool_2

Skill      XL: |  1  2  3  4  5  6  7  8  9 10 11 12 |
---------------+-------------------------------------+-----
Long Blades    | 4 5 6 7 10 11 12 | 12.4
Armour         | 1 2 3 4 5 9 10 11 | 11.7
Fighting       | 3 4 6 9 10 11 | 11.9
Dodging        | 4 5 6 9 10 11 | 11.3
Evocations     | 2 3 4 5 |  5.6
Invocations    | 2 4 5 |  5.5
Throwing       | |  2.0

Action                   |  1- 3 |  4- 6 |  7- 9 | 10-12 || total
-------------------------+-------+-------+-------+-------++-------
Melee: Long sword        |    69 |   100 |    16 |       ||   185
       Headbutt          |    15 |    23 |    26 |   106 ||   170
       Falchion          |       |       |   105 |   198 ||   303
       Great sword       |       |       |       |   205 ||   205
       Scimitar          |       |       |       |     5 ||     5
Invok: Reject Sacrifices |       |     1 |       |       ||     1
Evoke: Wand              |       |       |     3 |     8 ||    11
  Use: Scroll            |     5 |       |     5 |     9 ||    19
       Potion            |     1 |       |     1 |       ||     2
 Stab: Sleeping          |     1 |       |       |       ||     1
       Petrified         |       |       |       |     2 ||     2
       Petrifying        |       |       |       |     1 ||     1
Armor: Leather armour    |    13 |    19 |     1 |       ||    33
       Scale mail        |       |       |    32 |    21 ||    53
       Chain mail        |       |       |       |   168 ||   168
Dodge: Dodged            |    51 |    73 |    80 |   346 ||   550
       Rpst.: Long sword |     4 |    22 |     1 |       ||    27
       Falchion          |       |       |    23 |    34 ||    57
       Great sword       |       |       |       |    45 ||    45
       Scimitar          |       |       |       |     1 ||     1
